 Dungeon Crawl Stone Soup version 0.30-a0-540-g0af01429fa (webtiles) character file.

Game seed: 17641781192424942032

9 oldriver the Charlatan (level 2, -1/25 HPs)
             Began as a Naga Artificer on Dec 26, 2022.
             Slain by an endoplasm (2 damage)
             ... on level 1 of the Dungeon.
             The game lasted 00:00:37 (348 turns).

oldriver the Charlatan (Naga Artificer)              Turns: 348, Time: 00:00:38

Health: -1/25      AC:  2    Str: 14    XL:     2   Next: 16%
Magic:  2/2        EV:  9    Int: 11    God:
Gold:   15         SH:  0    Dex: 11    Spells: 1/1 levels left

rFire   . . .      SeeInvis +    a - +0 club
rCold   . . .      Faith    .    (no shield)
rNeg    . . .      Spirit   .    b - +0 leather armour
rPois   +          Reflect  .    (no helmet)
rElec   .          Harm     .    (no cloak)
rCorr   .          Rampage  .    (no gloves)
Will    .....                    (no barding)
Stlth   ++                       (no amulet)
HPRegen 0.24/turn                (no ring)
MPRegen 0.08/turn                (no ring)

@: very slow
A: AC +0, large, see invisible, deformed body, poison resistance, slowness 2,
spit poison 1, naga tail 1
a: Spit Poison


You were on level 1 of the Dungeon.
You visited 1 branch of the dungeon, and saw 1 of its levels.

You collected 15 gold pieces.

Inventory:

Hand Weapons
 a - a +0 club (weapon)
Armour
 b - a +0 leather armour (worn)
Wands
 c - a wand of flame (14)
 d - a wand of charming (15)
 e - a wand of iceblast (5)
Scrolls
 f - a scroll of enchant armour {unknown}
Potions
 g - a potion of heal wounds {unknown}


   Skills:
 + Level 1.4 Fighting
 - Level 1.5 Armour
 + Level 1.1 Dodging
 + Level 2.3 Stealth
 - Level 3.0 Evocations


You had one spell level left.
You didn't know any spells.
Your spell library was empty.

Dungeon Overview and Level Annotations

Branches:
Dungeon (1/15)

Altars:

Shops:
D:1 *!


Innate Abilities, Weirdness & Mutations

Your serpentine skin is tough. (AC +0)
You have supernaturally acute eyesight. (SInv)
Armour fits poorly on your strangely shaped body.
Your system is resistant to poisons. (rPois)
You cover ground very slowly.
You can spit poison.
You have a snake-like lower body.


Message History

The ball python bites you but does no damage.
The hobgoblin closely misses you.
You can't do that yet.
You closely miss the ball python. The ball python bites you.
The hobgoblin hits you.
The endoplasm quivers.
You hit the ball python.
You kill the ball python!
The hobgoblin hits you.
You hit the hobgoblin but do no damage. The hobgoblin completely misses you.
The hobgoblin closely misses you. The endoplasm completely misses you.
You hit the hobgoblin.
The hobgoblin is heavily wounded.
The endoplasm hits you but does no damage.
The hobgoblin hits you.
You hit the hobgoblin but do no damage.
The hobgoblin is heavily wounded.
You have got your breath back.
The endoplasm freezes you.
You are frozen.
The hobgoblin hits you.
Aiming: Spit Poison (2% risk of failure)
Press: ? - help, Shift-Dir - straight line, f/p - hobgoblin
Aim: a hobgoblin (heavily wounded, 59% to hit)
You fail to use your ability.
The hobgoblin hits you.
* * * LOW HITPOINT WARNING * * *
The endoplasm misses you.
You barely miss the hobgoblin.
The hobgoblin is heavily wounded.
The hobgoblin closely misses you. The endoplasm freezes you.
You are frozen.
* * * LOW HITPOINT WARNING * * *
Okay, then.
Aiming: Throw Flame
Press: ? - help, Shift-Dir - straight line, f/p - hobgoblin
Aim: a hobgoblin (heavily wounded, 71% to hit)
The puff of flame hits the hobgoblin.
You kill the hobgoblin!
The endoplasm hits you.
You die...

# ....... #.
#.......
###.####.......
#.............#
....
!.............#
.....
#.............#
.....
..!.∩.†J.......
..... #@.# ....
#..# ..#
#.......#..# ..#
#.......#..# ..#
#.......#..# ..#
#.......#..# #.#
#.......#..#
..######..)....#..#
#.....##.......#..#


You could see an endoplasm.

Vanquished Creatures
  2 ball pythons (D:1)
  An endoplasm (D:1)
  A goblin (D:1)
  A hobgoblin (D:1)
  A kobold (D:1)
  A quokka (D:1)
  2 bats (D:1)
9 creatures vanquished.

Notes
Turn   | Place    | Note
-------+----------+-------------------------------------------
     0 | D:1      | oldriver the Naga Artificer began the quest for the Orb.
     0 | D:1      | Reached XP level 1. HP: 18/18 MP: 1/1
   214 | D:1      | Reached skill level 1 in Dodging
   295 | D:1      | Reached XP level 2. HP: 25/25 MP: 2/2
   304 | D:1      | Found Nalet's Distillery.
   339 | D:1      | Found Vacwoso's Assorted Antiques.
   347 | D:1      | HP: 1/25 [frozen (5)]
   348 | D:1      | Slain by an endoplasm

Illustrated notes

Levels and vault maps discovered:
D:1:      dpeg_arrival_renting, layout_basic, serial_shops, shop,
          shop_fountains, shop_fountains

Skill      XL: |  1 |
---------------+----+-----
Stealth        | 2 |  2.3
Dodging        | 1 |  1.1
Fighting       | |  1.4
Armour         | |  1.5
Evocations     | |  3.0

Action                   || total
-------------------------++-------
Melee: Club              ||    21
 Abil: Spit Poison       ||     8
Evoke: Wand              ||     1
Armor: Leather armour    ||     8
Dodge: Dodged            ||    25

Table legend: (Time is in decaauts)
 A = Elapsed time spent in this place.
 B = Non-inter-level travel time spent in this place.
 C = Inter-level travel time spent in this place.
 D = Time resting spent in this place.
 E = Time spent auto-exploring this place.
 F = Levels seen in this place.
 G = Mean time per level.
                   A        B        C        D        E       F      G
               +--------+--------+--------+--------+--------+-----+--------+
         Total |    422 |    422 |      0 |    138 |    197 |   1 |  422.0 |
       Dungeon |    422 |    422 |      0 |    138 |    197 |   1 |  422.0 |
               +--------+--------+--------+--------+--------+-----+--------+

Top non-repeatable levels by time:
     D:1: 422 daAuts
